 Dungeon Sprint DCSS version 0.18-a0-1180-g64ccc1e (console) character file.

1287 sorlin the Thaumaturge (level 8, -11/62 HPs)
             Began as a Naga Wizard on Jan 27, 2016.
             Was a Priest of Vehumet.
             Mangled by a hill giant
             ... wielding a cursed -2 giant spiked club
              (20 damage)
             ... in the Dungeon (Sprint III: "The Ten Rune Challenge").
             The game lasted 00:11:05 (1260 turns).

sorlin the Thaumaturge (Naga Wizard)                Turns: 1260, Time: 00:11:05

Health: -11/62     AC:  9    Str: 10    XL:     8   Next: 55%
Magic:  18/23      EV:  9    Int: 20    God:    Vehumet [***...]
Gold:   42         SH:  0    Dex: 10    Spells: 6 memorised, 16 levels left

rFire  . . .     SeeInvis +     l - +2 short sword (protect)
rCold  . . .     Gourm    .     a - +0 robe
rNeg   . . .     Faith    .     (no shield)
rPois  +         Spirit   .     b - +0 hat
rElec  .         Dismiss  .     n - +0 cloak
rCorr  .         Reflect  .     (no gloves)
SustAt .         Harm     .     (no barding)
MR     +....     NoTele   +     (no amulet)
Stlth  ++........               (no ring)
                                (no ring)

@: very slow, somewhat resistant to hostile enchantments, unstealthy
A: see invisible, deformed body, poison resistance, slowness 2, slow metabolism
1, spit poison 2, AC +2
a: Spit Poison, Renounce Religion


You were in the Dungeon.
You worshipped Vehumet.
Vehumet was most pleased with you.
You were not hungry.

You visited 1 branch You collected 42 gold pieces.

Inventory:

Hand Weapons
 l - a +2 short sword of protection (weapon)
Armour
 a - a +0 robe (worn)
 b - a +0 hat (worn)
 n - a +0 cloak (worn)
Scrolls
 j - a scroll of blinking
 p - 2 scrolls of torment {unknown}
 r - 4 scrolls of remove curse
 u - a scroll of immolation {unknown}
Potions
 e - a potion of curing
 f - 2 potions of heal wounds
 g - 2 potions of haste
 h - 2 potions of magic
 i - a potion of berserk rage
 m - a potion of flight
 o - 4 potions of mutation
 t - 2 potions of agility
 v - a potion of cure mutation {unknown}
Books
 c - a book of Minor Magic

   Spells                             Type                      Level
   a - Magic Dart                     Conjuration                  1
   b - Blink                          Translocation                2
   c - Call Imp                       Summoning                    2
   d - Repel Missiles                 Charms/Air                   2
   e - Slow                           Hexes                        2
   f - Conjure Flame                  Conjuration/Fire             3
   g - Mephitic Cloud                 Conjuration/Poison/Air       3
 k - a book of the Tempests

   Spells                             Type                      Level
   a - Static Discharge               Conjuration/Air              3
   b - Lightning Bolt                 Conjuration/Air              5
   c - Fireball                       Conjuration/Fire             5
   d - Tornado                        Air                          9
   e - Shatter                        Earth                        9
Miscellaneous
 w - a crystal ball of energy
Comestibles
 d - a bread ration
 s - 3 royal jellies


   Skills:
 - Level 1.5 Dodging
 - Level 3.0 Stealth
 * Level 11.2 Spellcasting
 + Level 10.4 Conjurations
   Level 1.0 Summonings
   Level 1.0 Translocations
 - Level 3.2 Fire Magic
 + Level 7.3 Air Magic
 - Level 6.5 Poison Magic


You had 16 spell levels left.
You knew the following spells:

 Your Spells              Type           Power        Failure   Level  Hunger
a - Magic Dart            Conj           ####         1%          1    None
b - Conjure Flame         Conj/Fire      #####...     1%          3    None
c - Mephitic Cloud        Conj/Pois/Air  #####...     1%          3    None
d - Repel Missiles        Chrm/Air       ####..       2%          2    None
e - Shock                 Conj/Air       ####         1%          1    None
f - Dazzling Spray        Conj/Hex       ####....     1%          3    None


Dungeon Overview and Level Annotations

Branches:
Dungeon (1/1)

Altars:
Cheibriados
Dithmenos
Elyvilon
Fedhas
Gozag
Kikubaaqudgha
Makhleb
Nemelex Xobeh
Okawaru
Pakellas
Qazlal
Ru
Sif Muna
Trog
Vehumet
Xom
Yredelemnul
Zin
The Shining One
Jiyva
Lugonu


Innate Abilities, Weirdness & Mutations

You cannot wear boots.
Your serpentine skin is tough (AC +2).
You have supernaturally acute eyesight.
Armour fits poorly on your strangely shaped body.
Your system is resistant to poisons.
You cover ground very slowly.
You have a slow metabolism.
You can spit poison.


Message History

Confirm with . or Enter, or press ? or * to list all spells.
Aiming: Dazzling Spray
Press: ? - help, Shift-Dir - straight line, f - hill giant
Aim: a hill giant, wielding a giant spiked club The spray of energy hits the hill giant.
The hill giant is lightly wounded.
The hill giant is dazzled.
The hill giant hits you with a giant spiked club!
* * * LOW HITPOINT WARNING * * *
Things that are here:
a giant club x2
Casting: Dazzling Spray
Confirm with . or Enter, or press ? or * to list all spells.
Aiming: Dazzling Spray
Press: ? - help, Shift-Dir - straight line, f/p - hill giant
Aim: a hill giant, wielding a giant spiked club (lightly wounded)
The spray of energy hits the hill giant.
The hill giant is lightly wounded.
The hill giant hits you with a giant spiked club!!
You die...

♣.############
♣.#___#__[#__#
♣.#...#..)#._#
..###'#'###/##
♣.#..........#
..'.⌠).......#
♣.#...######+#
..#.⌠.#__#...#+###########
..#...#__#...#....#)#.#..
..#'###__#...##.#C)#.##.#
..#)..#__#...'##@#.#.##.#
..#___#__'...#...#..#..##
▓▓▓▓▓▓▓▓▓▓▓▓▓▓▓▓▓▓▓▓▓▓▓▓


You could see a hill giant.

Vanquished Creatures
  A deep elf mage (D)
  A shadow (D)
  A necrophage (D)
  3 two-headed ogres (D)
  A water elemental (D)
  A jelly (D)
  Crazy Yiuf (D)
  A wizard (D)
  Jessica (D)
  A necromancer (D)
  A kobold demonologist (D)
  3 humans (D)
  An ooze (D)
  2 rats (D)
19 creatures vanquished.

Vanquished Creatures (others)
  2 draconian scorchers (D)
  3 yaktaurs (D)
5 creatures vanquished.

Grand Total: 24 creatures vanquished

Notes
Turn   | Place    | Note
--------------------------------------------------------------
     0 | D        | sorlin the Naga Wizard began the quest for the Orb.
     0 | D        | Reached XP level 1. HP: 15/15 MP: 4/4
    84 | D        | Killed a yaktaur
   166 | D        | Killed a white draconian scorcher
   206 | D        | Killed a yaktaur
   280 | D        | Killed a white draconian scorcher
   294 | D        | Noticed Jessica
   302 | D        | Killed Jessica
   302 | D        | Reached skill level 6 in Conjurations
   302 | D        | Reached XP level 2. HP: 22/22 MP: 3/6
   302 | D        | Reached XP level 3. HP: 28/28 MP: 3/7
   345 | D        | Learned a level 3 spell: Conjure Flame
   349 | D        | Learned a level 3 spell: Mephitic Cloud
   465 | D        | Noticed Crazy Yiuf
   478 | D        | Killed Crazy Yiuf
   478 | D        | Reached skill level 7 in Conjurations
   478 | D        | Reached skill level 1 in Fire Magic
   478 | D        | Reached XP level 4. HP: 36/36 MP: 4/10
   562 | D        | Learned a level 2 spell: Repel Missiles
   564 | D        | Noticed a water elemental
   568 | D        | Killed a water elemental
   568 | D        | Reached skill level 5 in Spellcasting
   568 | D        | Reached XP level 5. HP: 29/42 MP: 8/13
   656 | D        | Found a radiant altar of Vehumet.
   657 | D        | Found a deep blue altar of Sif Muna.
   657 | D        | Found an ancient bone altar of Kikubaaqudgha.
   662 | D        | Reached skill level 1 in Air Magic
   662 | D        | Reached skill level 1 in Poison Magic
   681 | D        | Became a worshipper of Vehumet
   773 | D        | Found an iron altar of Okawaru.
   775 | D        | Found a bloodstained altar of Trog.
   776 | D        | Noticed a human
   778 | D        | Noticed a human
   784 | D        | Killed a human
   784 | D        | Reached skill level 8 in Conjurations
   784 | D        | Reached XP level 6. HP: 49/49 MP: 3/16
   796 | D        | Killed a human
   796 | D        | Reached skill level 5 in Poison Magic
   885 | D        | Killed a yaktaur
   906 | D        | Found a basalt altar of Yredelemnul.
   906 | D        | Found a snail-covered altar of Cheibriados.
   906 | D        | Found a blossoming altar of Fedhas.
   906 | D        | Noticed a necrophage
   913 | D        | Killed a necrophage
   913 | D        | Reached * piety under Vehumet
   913 | D        | Offered knowledge of Shock by Vehumet.
   913 | D        | Reached skill level 9 in Conjurations
   913 | D        | Reached XP level 7. HP: 50/55 MP: 12/19
   951 | D        | Learned a level 1 spell: Shock
   954 | D        | Noticed a shadow
   963 | D        | Killed a shadow
   963 | D        | Reached skill level 5 in Air Magic
   964 | D        | Reached ** piety under Vehumet
   964 | D        | Offered knowledge of Throw Frost by Vehumet.
  1045 | D        | Found a glowing silver altar of Zin.
  1046 | D        | Found a glowing golden altar of the Shining One.
  1046 | D        | Found a white marble altar of Elyvilon.
  1049 | D        | Noticed a deep elf mage
  1055 | D        | Killed a deep elf mage
  1055 | D        | Reached skill level 10 in Spellcasting
  1055 | D        | Reached skill level 10 in Conjurations
  1055 | D        | Reached XP level 8. HP: 62/62 MP: 16/22
  1097 | D        | Found an oddly glowing altar of Pakellas.
  1097 | D        | Found a stormy altar of Qazlal.
  1097 | D        | Found a sacrificial altar of Ru.
  1097 | D        | Found a burning altar of Makhleb.
  1097 | D        | Found a shimmering altar of Xom.
  1105 | D        | Found a viscous altar of Jiyva.
  1105 | D        | Found a shadowy altar of Dithmenos.
  1105 | D        | Found a sparkling altar of Nemelex Xobeh.
  1105 | D        | Found a corrupted altar of Lugonu.
  1105 | D        | Found an opulent altar of Gozag.
  1147 | D        | Reached skill level 11 in Spellcasting
  1148 | D        | Offered knowledge of Dazzling Spray by Vehumet.
  1154 | D        | Learned a level 3 spell: Dazzling Spray
  1155 | D        | Reached *** piety under Vehumet
  1260 | D        | Mangled by a hill giant

Vault maps used:
D:        dungeon_sprint_mu

Action                   |  1- 3 |  4- 6 |  7- 9 || total
-------------------------+-------+-------+-------++-------
Melee: Unarmed           |     9 |       |       ||     9
       Short sword       |     1 |     7 |     1 ||     9
 Cast: Magic Dart        |    11 |    20 |    23 ||    54
       Conjure Flame     |     3 |     2 |       ||     5
       Mephitic Cloud    |       |     5 |     5 ||    10
       Shock             |       |       |     7 ||     7
       Dazzling Spray    |       |       |     2 ||     2
 Abil: Spit Poison       |    10 |     2 |     1 ||    13
  Use: Scroll            |       |     3 |       ||     3
 Stab: Confused          |       |     1 |       ||     1
       Sleeping          |       |       |     1 ||     1
  Eat: Chunk             |       |       |     1 ||     1
